 Dungeon Crawl Stone Soup version 0.31-a0-1096-g246cf0196b (webtiles) character file.

Game seed: 9404218914503320397

1474778 PaperRat the Transcendent (level 25, 164/164 HPs)
             Began as a Kobold Enchanter on Nov 29, 2023.
             Was a High Priest of Ru.
             Escaped with the Orb
             ... and 3 runes on Dec 1, 2023!
             The game lasted 08:41:16 (92636 turns).

PaperRat the Transcendent (Kobold Enchanter)       Turns: 92636, Time: 08:41:17

Health: 164/164    AC: 16    Str: 10    XL:     25
Magic:  39/39      EV: 31    Int: 26    God:    Ru [*****.]
Gold:   4768       SH: 10    Dex: 22    Spells: 1/49 levels left

rFire   + + .        w - +11 dagger of Doom {flame, Dex+5}
rCold   + . .        q - +3 buckler {AC+3}
rNeg    + . .        O - +2 robe {Will+}
rPois   +            f - -2 hat of the Alchemist {rElec rPois rF+ rC+ rN+ Will+ rMut rCorr}
rElec   +            K - scarf {repulsion}
rCorr   +            P - +1 pair of gloves "Vassaita" {+Inv Regen+ Slay+3}
SInv    +            A - +2 pair of boots {Stlth+}
Will    +++..        D - amulet of Xom's Amusement {RegenMP rF+}
Stlth   +++          M - ring of see invisible
HPRegen 1.27/turn    k - +4 ring of protection {=R}
MPRegen 0.66/turn

%: repel missiles, resist mutation
@: studying 3 skills
A: small, no large weapons, nightstalker 3, inability to train armour, unskilled
1, inexperienced 2, no forms, iridescent scales 1, clever 1, strong 1
0: Orb of Zot
}: 3/15 runes: barnacled, slimy, gossamer
a: Renounce Religion, Evoke Invisibility, Sacrifice Drink, Sacrifice Purity,
Sacrifice Health, Reject Sacrifices, Draw Out Power, Power Leap, Apocalypse


You escaped.
You worshipped Ru.
Ru was extremely pleased with you.
You visited 11 branches of the dungeon, and saw 52 of its levels.
You visited 1 bazaar.
You also visited: Bailey, Gauntlet and Wizlab.

You collected 9114 gold pieces.
You spent 4346 gold pieces at shops.

Inventory:

Hand Weapons
 a - the +12 rapier of Fissotu {heavy, rElec rPois rF- rN+}
   (You found it on level 1 of the Spider Nest)

   rF-:       It makes you vulnerable to fire.
   rElec:     It insulates you from electricity.
   rPois:     It protects you from poison rN+: It protects you from negative
   energy.
 h - a +9 dagger of electrocution
 w - the +11 dagger of Doom (weapon) {flame, Dex+5}
   (You acquired it in a bailey)

   Dex+5:     It affects your dexterity (+5).
Missiles
 F - 10 curare-tipped darts (quivered)
 S - 4 throwing nets {!f}
Armour
 f - the -2 hat of the Alchemist (worn) {rElec rPois rF+ rC+ rN+ Will+ rMut rCorr}
   (You found it in a wizard's laboratory)

   rF+:       It protects you from fire.
   rC+:       It protects you from cold.
   rElec:     It insulates you from electricity.
   rPois:     It protects you from poison rN+: It protects you from negative
   energy.
   Will+:     It increases your willpower.
   rCorr:     It protects you from acid and corrosion.
   rMut:      It protects you from mutation.
 q - a +3 buckler of protection (worn)
 A - a +2 pair of boots of stealth (worn)
 K - a scarf of repulsion (worn)
 O - a +2 robe of willpower (worn)
 P - the +1 pair of gloves "Vassaita" (worn) {+Inv Regen+ Slay+3}
   (You found it on level 3 of the Elven Halls)

   Slay+3:    It affects your accuracy & damage with ranged weapons and melee
   (+3).
   +Inv:      It lets you turn invisible.
   Regen+:    It increases your rate of health regeneration.
 Y - the +3 crown of Dyrovepreva {rElec Int+2 SInv}
   (You found it on level 3 of the Realm of Zot)

   Int+2:     It affects your intelligence (+2).
   rElec:     It insulates you from electricity.
   SInv:      It lets you see invisible.
Jewellery
 k - a +4 ring of protection (right hand) {=R}
 l - a +6 ring of intelligence
 u - the ring "Sudofe" {Wiz rF+}
   (You bought it in a shop on level 2 of the Depths)

   [ring of wizardry]

   Wiz:       It improves your spell success rate.
   rF+:       It protects you from fire.
 D - the amulet of Xom's Amusement (around neck) {RegenMP rF+}
   (You took it off a deep elf death mage on level 3 of the Elven Halls)

   [amulet of magic regeneration]

   RegenMP:   It increases your rate of magic regeneration.
   rF+:       It protects you from fire.
 M - a ring of see invisible (left hand)
Wands
 b - a wand of roots (38)
 c - a wand of acid (20)
 d - a wand of digging (8)
 m - a wand of polymorph (30)
 n - a wand of charming (25)
 z - a wand of mindburst (35)
Scrolls
 j - 7 scrolls of vulnerability
 p - 9 scrolls of immolation
 s - 3 scrolls of amnesia
 v - 7 scrolls of enchant armour
 y - 15 scrolls of teleportation {@r3}
 G - 16 scrolls of poison
 H - 4 scrolls of blinking {@r5}
 L - 4 scrolls of butterflies {@r6}
 Q - 5 scrolls of fog {@r2}
 R - 6 scrolls of fear {@r4}
 W - 2 scrolls of silence
Potions
 e - 2 potions of invisibility
 g - 5 potions of magic
 i - 9 potions of enlightenment {@q6}
 o - 9 potions of curing {@q1}
 r - 3 potions of resistance
 t - 9 potions of brilliance {@q5}
 x - 6 potions of might {@q3}
 E - 23 potions of mutation {@q7}
 I - 7 potions of haste {@q4}
 J - 2 potions of cancellation
 N - 12 potions of heal wounds {@q2}
 U - 11 potions of ambrosia
Miscellaneous
 B - a phantom mirror
 C - a condenser vane
 V - a lightning rod (4/4)
 X - a sack of spiders (inert)
 Z - a phial of floods


   Skills:
 + Level 18.5 Fighting
 - Level 14.0 Short Blades
 + Level 18.6 Dodging
 + Level 17.0 Stealth
 - Level 8.0 Shields
 - Level 12.5 Spellcasting
 - Level 8.0 Conjurations
 - Level 10.0 Hexes
 - Level 6.0 Summonings
 - Level 10.0 Translocations
 - Level 2.0 Transmutations
 - Level 2.0 Fire Magic
 - Level 0.8 Ice Magic
 - Level 19.6 Air Magic
 - Level 2.0 Earth Magic
 - Level 2.0 Poison Magic
 - Level 19.7 Invocations
 + Level 18.6 Evocations


You had one spell level left.
You knew the following spells:

 Your Spells              Type           Power      Damage    Failure   Level
a - Airstrike             Air            43%        2d(7-23)  0%          4
b - Arcjolt               Conj/Air       36%        1d46      1%          5
c - Manifold Assault      Tloc           62%        N/A       1%          4
d - Summon Lightning Spi  Summ/Air       70%        N/A       1%          4
e - Ignite Poison         Fire/Tmut/Pois 26%        N/A       6%          3
f - Mephitic Cloud        Conj/Pois/Air  61%        N/A       1%          3
g - Passwall              Tmut/Erth      21%        N/A       3%          2
i - Maxwell's Capacitive  Air            43%        ∞         10%         8
s - Summon Mana Viper     Hex/Summ       55%        N/A       4%          5
t - Blink                 Tloc           100%       N/A       1%          2
v - Iskenderun's Mystic   Conj/Tloc      58%        2d12      1%          4
x - Confusing Touch       Hex            62%        N/A       1%          3
z - Apportation           Tloc           100%       N/A       1%          1

Your spell library contained the following spells:

 Spells                   Type           Power      Damage    Failure   Level
 Shock                    Conj/Air       100%       1d9       0%          1
 Kiss of Death            Conj/Necr      100%       2d13      1%          1
 Magic Dart               Conj           100%       1d8       1%          1
 Sandblast                Erth           52%        2d12      1%          1
 Slow                     Hex            100%       N/A       1%          1
 Summon Small Mammal      Summ           100%       N/A       1%          1
 Freeze                   Ice            80%        1d9       3%          1
 Necrotise                Necr           64%        1d7       4%          1
 Swiftness                Air            87%        N/A       0%          3
 Call Imp                 Summ           94%        N/A       1%          2
 Cigotuvi's Dreadful Rot  Necr/Pois/Air  100%       N/A       1%          2
 Ensorcelled Hibernation  Hex/Ice        88%        N/A       1%          2
 Lesser Beckoning         Tloc           100%       N/A       1%          2
 Momentum Strike          Conj/Tloc      100%       3d10      1%          2
 Poisonous Vapours        Pois/Air       100%       N/A       1%          2
 Static Discharge         Conj/Air       100%       3-8/arc   1%          2
 Call Canine Familiar     Summ           47%        N/A       1%          3
 Dazzling Flash           Conj/Hex       100%       N/A       1%          3
 Gell's Gravitas          Tloc           62%        N/A       1%          3
 Inner Flame              Hex/Fire       47%        N/A       1%          3
 Sigil of Binding         Hex            62%        N/A       1%          3
 Stone Arrow              Conj/Erth      84%        3d12      1%          3
 Summon Guardian Golem    Hex/Summ       55%        N/A       1%          3
 Teleport Other           Tloc           62%        N/A       1%          3
 Tukima's Dance           Hex            62%        N/A       1%          3
 Volatile Blastmotes      Fire/Tloc      94%        2d17      1%          3
 Cause Fear               Hex            31%        N/A       1%          4
 Dimensional Bullseye     Hex/Tloc       31%        N/A       1%          4
 Fulminant Prism          Conj/Hex       29%        3d13      1%          4
 Passage of Golubria      Tloc           62%        N/A       1%          4
 Vhi's Electric Charge    Tloc/Air       100%       N/A       1%          4
 Silence                  Hex/Air        37%        N/A       1%          5
 Hailstorm                Conj/Ice       39%        3d9       2%          3
 Conjure Ball Lightning   Conj/Air       36%        3x3d12    2%          6
 Leda's Liquefaction      Hex/Erth       23%        N/A       4%          4
 Anguish                  Hex/Necr       21%        N/A       6%          4
 Brom's Barrelling Bould  Conj/Erth      42%        2d6       6%          4
 Flame Wave               Conj/Fire      42%        2d11      6%          4
 Sticky Flame             Conj/Fire      42%        2d6       6%          4
 Sublimation of Blood     Necr           16%        N/A       7%          2
 Plasma Beam              Fire/Air       32%        2x1d45    9%          6
 Frozen Ramparts          Ice            40%        1d7       10%         3
 Summon Ice Beast         Ice/Summ       34%        N/A       12%         4
 Dispersal                Tloc           31%        N/A       12%         6
 Vampiric Draining        Necr           16%        2d7       14%         3
 Metabolic Englaciation   Hex/Ice        22%        N/A       14%         5
 Fireball                 Conj/Fire      21%        3d10      17%         5
 Irradiate                Conj/Tmut      21%        3d18      17%         5
 Olgreb's Toxic Radiance  Pois           26%        N/A       21%         4
 Petrify                  Tmut/Erth      26%        N/A       21%         4
 Animate Dead             Necr           16%        N/A       43%         4
 Dispel Undead            Necr           16%        3d10      43%         4
 Alistair's Intoxication  Tmut/Pois      17%        N/A       50%         5
 Enfeeble                 Hex            31%        N/A       54%         7
 Borgnjor's Vile Clutch   Necr/Erth      10%        N/A       65%         5
 Starburst                Conj/Fire      21%        6d7       67%         6
 Agony                    Necr           16%        N/A       78%         5
 Malign Gateway           Summ/Tloc      27%        N/A       83%         7
 Orb of Destruction       Conj           27%        9d9       83%         7
 Spellforged Servitor     Conj/Summ      25%        N/A       92%         7
 Monstrous Menagerie      Summ           23%        N/A       98%         7
 Simulacrum               Ice/Necr       9%         N/A       99%         6
 Discord                  Hex            31%        N/A       99%         8
 Disjunction              Tloc           31%        N/A       99%         8
 Death Channel            Necr           8%         N/A       100%        6
 Borgnjor's Revivificati  Necr           8%         N/A       100%        8
 Ignition                 Fire           13%        3d6       100%        8
 Lehudib's Crystal Spear  Conj/Erth      21%        10d6      100%        8
 Summon Horrible Things   Summ           23%        N/A       100%        8
 Chain Lightning          Conj/Air       36%        3d48      100%        9
 Dragon's Call            Summ           23%        N/A       100%        9


Dungeon Overview and Level Annotations

Branches:
Dungeon (15/15)            Temple (1/1) D:6            Lair (5/5) D:11
 Shoals (4/4) Lair:3       Spider (4/4) Lair:2        Slime (5/5) Lair:5
    Orc (2/2) D:11            Elf (3/3) Orc:2        Vaults (4/5) D:13
  Crypt (0/3) Vaults:2     Depths (4/4) D:15            Zot (5/5) Depths:4
 Bailey (visited)          WizLab (visited)         Gauntlet (visited)

Altars:
Ashenzari
Cheibriados
Dithmenos
Elyvilon
Fedhas
Gozag
Hepliaklqana
Kikubaaqudgha
Makhleb
Nemelex Xobeh
Okawaru
Qazlal
Ru
Sif Muna
Trog
Uskayaw
Vehumet
Wu Jian
Xom
Yredelemnul
Zin
The Shining One
Jiyva

Shops:
Orc:2 *:!(   Shoals:2 =   Vaults:2 *   Depths:2 ==   Depths:3 !?[

Portals:
Hell: Depths:1 Depths:2 Depths:3 Depths:4
Abyss: Depths:3 Depths:4
Pandemonium: Depths:2
Ziggurat: Depths:1
Trove: Vaults:1 (give 2 scrolls of acquirement)

Annotations:
Spider:1 Roxanne
Elf:2 6 transporters


Innate Abilities, Weirdness & Mutations

You are small and have problems with some larger weapons.
You are completely attuned to the shadows.
You cannot train Armour skill.
You are somewhat unskilled. (-1 Apt)
You are inexperienced. (-2 XL)
You cannot voluntarily change form.
You are partially covered in iridescent scales. (AC +2)
Your mind is acute. (Int +4, Str/Dex -1)
Your muscles are strong. (Str +4, Int/Dex -1)


Message History

Casting: Airstrike (safe; 0% risk of failure)
Confirm with . or Enter, or press ? or * to list all spells.
A mana viper appears with a sibilant hiss.
The Ice Fiend gestures at you. The bolt of cold hits you. You resist.
Casting: Summon Mana Viper (mildly dangerous; 4% risk of failure)
Confirm with . or Enter, or press ? or * to list all spells.
You begin accumulating electric charge. (Press . to continue charging.)
You feel charge building up...
You feel charge building up...
Your mana viper barely misses the Ice Fiend.
The Ice Fiend claws you! The Ice Fiend freezes you! You resist.
The Ice Fiend claws you but does no damage.
You feel charge building up...
Your mana viper bites the Ice Fiend!
The Ice Fiend's magic leaks into the air.
Your mana viper bites the Ice Fiend.
The Ice Fiend's magic leaks into the air.
The Ice Fiend gestures at you. The bolt of cold misses you.
You feel charge building up...
Your mana viper bites the Ice Fiend!
The Ice Fiend's magic leaks into the air.
The Ice Fiend begins to attack, but is stunned by your conviction!
You feel charge building up...
Your mana viper bites the Ice Fiend but does no damage.
The Ice Fiend claws you but does no damage.
The Ice Fiend completely misses you.
Your mana viper bites the Ice Fiend!
The Ice Fiend's magic leaks into the air.
The electricity discharges through the Ice Fiend!!!
The Ice Fiend vaporises in an electric haze!
You kill the Ice Fiend!
Your Stealth skill increases to level 17!
There is an open door here.
Magic restored.
There is a stone staircase leading up here.
You climb upwards.
Your summoned ally is left behind.
HP restored.
There is a stone staircase leading down here.
There is an empty arch of ancient stone here.
There is a staircase leading out of the dungeon here.
You have escaped!

##.#.#.##.#.#####
#....#.##.#......
######.##..#..#..#####
#......##.#.##.#.#
#.#######........# ###########
#####.#.######
##.♣....♣..####.......†††...
#...........##..###########.
#♣..♣......@.#### ###.
#.............≈##########... ###
#..............##...........
..###♣..............♣#.##........
.#∩#................♣#..#.####.#.
##......8.....♣.....###...# #.#.
##...............#∩##.>.### #.#.
#................∩.##..## #.#.
#♣...............####### #.#.


There were no monsters in sight!

Vanquished Creatures
  the Royal Jelly (Slime:5)
  A pandemonium lord (Depths:4)
  2 dread liches (Zot:5)
  9 ancient liches (Zot:5)
  6 orbs of fire
  A juggernaut (Depths:4)
  5 Killer Klowns
  The ghost of Dety Ygi the Executioner, a veteran MiMo of Trog (Zot:1)
  Bai Suzhen (Shoals:3)
  4 curse toes
  2 bone dragons
  11 golden dragons
  Arachne (Spider:2)
  2 electric golems (Zot:5)
  A Brimstone Fiend (Depths:4)
  The ghost of Lafiguk the Bludgeoner, an adept OgCA of Sif Muna (Vaults:3)
  Asterion (Lair:2)
  12 tentacled monstrosities
  2 Ice Fiends
  A walking divine tome (Depths:2)
  3 quicksilver dragons
  2 titans (Zot:2)
  3 deep elf master archers (Elf:3)
  23 Orb Guardians (Zot:5)
  2 deep elf blademasters (Elf:3)
  5 sphinxes
  6 death cobs
  An Executioner (D:4)
  Polyphemus (Shoals:3)
  24 acid blobs
  3 tengu reavers (Vaults:2)
  Agnes (Spider:1)
  7 draconian monks
  6 shadow dragons
  Donald (Shoals:1)
  Frances (Shoals:1)
  8 draconian knights
  12 storm dragons
  Ilsuiw (Shoals:3)
  4 rockslimes
  9 azure jellies
  5 emperor scorpions
  8 frost giants
  11 fire giants
  A balrug (Depths:4)
  15 vault wardens
  8 draconian scorchers
  3 deep elf elementalists (Elf:3)
  5 draconian shifters
  3 iron dragons
  3 deep elf sorcerers (Elf:3)
  The ghost of Urontig the Protected, a journeyman AtMo of Yredelemnul (Lair:4)
  17 ironbound preservers
  7 ghost moths
  The ghost of Opo Tac the Unseen, a journeyman OpSh of Elyvilon (Elf:1)
  2 spriggan defenders (Depths:2)
  2 broodmothers
  7 draconian stormcallers
  12 quicksilver oozes
  4 formless jellyfish
  21 stone giants
  3 war gargoyles
  7 draconian annihilators
  11 green draconians
  9 ironbound thunderhulks
  Nessos (Orc:2)
  23 very ugly things
  8 deep elf demonologists
  11 dire elephants
  13 white draconians
  7 vampire knights
  8 yellow draconians
  12 black draconians
  11 red draconians
  A minotaur (Gauntlet)
  6 deep elf annihilators
  11 purple draconians
  4 spark wasps
  Snorg (Orc:2)
  10 ettins
  6 deep elf death magi (Elf:3)
  10 merfolk impalers
  Josephine (Orc:2)
  9 merfolk javelineers
  2 deep elf high priests (Elf:1)
  4 blizzard demons (Depths:4)
  A crystal guardian (Vaults:2)
  6 fire dragons
  2 jiangshi (Depths:2)
  6 entropy weavers
  8 great orbs of eyes
  Fannar (Orc:1)
  3 rakshasas
  8 yaktaur captains
  A catoblepas (Lair:5)
  2 jorogumos
  2 merfolk avatars (Shoals:4)
  9 ice dragons
  12 vault guards
  5 hydras
  2 spriggan air magi
  9 ironbound frosthearts
  3 peacekeepers
  7 two-headed ogres
  17 centaur warriors
  4 merfolk aquamancers
  An ogre mage (D:15)
  4 radroaches
  3 tengu warriors
  8 boulder beetles
  2 alligator snapping turtles
  3 occultists (Depths:3)
  2 satyrs
  7 deep troll earth magi
  12 deep troll shamans
  3 death yaks
  An orc high priest (Elf:1)
  3 vampire magi (Depths:2)
  5 demonic crawlers
  17 deep elf knights
  A shock serpent (shapeshifter) (WizLab)
  8 hell knights
  A sun demon (Depths:4)
  6 spriggan berserkers
  6 pharaoh ants
  A sun moth (Spider:2)
  4 skeletal warriors
  4 cherubim
  15 iron trolls
  5 skysharks
  50 deep trolls
  A death drake (shapeshifter) (Elf:3)
  A shadow wraith (Vaults:2)
  10 orb spiders
  9 sea snakes
  5 glowing orange brains
  A glowing orange brain (shapeshifter) (WizLab)
  7 phantasmal warriors
  13 lindwurms
  21 harpies
  18 deep elf archers
  A lindwurm (shapeshifter) (WizLab)
  A deep troll (shapeshifter) (WizLab)
  11 arcanists
  2 steelbarb worms (shapeshifter)
  18 ironbound convokers
  A harpy (shapeshifter) (WizLab)
  6 steelbarb worms
  13 orc knights
  29 deep elf zephyrmancers
  4 necromancers
  54 ugly things
  27 deep elf pyromancers
  2 shining eyes (Slime:5)
  12 cyclopes
  A salamander (shapeshifter) (WizLab)
  20 wolf spiders
  6 orc sorcerers (Orc:2)
  9 elephants
  13 manticores
  39 moths of wrath
  7 fauns
  A black mamba (shapeshifter) (Elf:2)
  A moth of wrath (shapeshifter) (WizLab)
  6 water nymphs
  2 guardian serpents (shapeshifter)
  3 merfolk sirens
  4 torpor snails
  4 black mambas
  15 vault sentinels
  A water nymph (shapeshifter) (WizLab)
  An eye of devastation (shapeshifter) (WizLab)
  7 cane toads
  A torpor snail (shapeshifter) (WizLab)
  3 gargoyles
  2 smoke demons (Depths:4)
  4 hellions
  A cane toad (shapeshifter) (D:15)
  An orange demon (D:7)
  3 rime drakes
  6 large abominations (WizLab)
  An unseen horror (shapeshifter) (WizLab)
  10 unseen horrors
  6 komodo dragons
  3 kobold demonologists
  5 freezing wraiths
  2 elves (WizLab)
  3 ice devils (Depths:4)
  3 tengu conjurers
  5 efreet
  24 yaktaurs
  2 meliai (shapeshifter)
  2 merfolk (shapeshifter) (WizLab)
  9 trolls
  10 meliai
  A silent spectre (Orc:1)
  2 hellwings (D:3)
  A queen bee (D:13)
  25 merfolk
  13 hornets
  A tarantella (shapeshifter) (WizLab)
  17 tarantellas
  9 wind drakes
  A wind drake (shapeshifter) (WizLab)
  6 polar bears
  5 glass eyes
  8 snapping turtles
  16 dream sheep
  79 slime creatures
  5 blink frogs
  17 culicivoras
  19 jumping spiders
  A shadow (D:10)
  A wyvern (Lair:2)
  A vampire (D:10)
  25 yaks
  11 spriggans
  13 water elementals
  2 air elementals
  A wyvern (shapeshifter) (D:14)
  6 wraiths
  A yak (shapeshifter) (Elf:2)
  A hog (Orc:1)
  8 fire elementals
  3 golden eyes
  22 humans
  2 steam dragons (D:8)
  4 basilisks
  34 dancing weapons
  A golden eye (shapeshifter) (WizLab)
  65 redbacks
  An iron golem (WizLab)
  A steam dragon (shapeshifter) (WizLab)
  12 wargs
  An acid dragon (D:13)
  10 vampire mosquitoes
  2 swamp worms (shapeshifter)
  A hell hound (Spider:3)
  14 water moccasins
  4 ice beasts
  A sky beast (D:6)
  3 black bears
  A sky beast (shapeshifter) (WizLab)
  44 orc warriors
  8 small abominations (WizLab)
  13 ogres
  15 centaurs
  33 wolves
  A boggart (shapeshifter) (Vaults:2)
  4 boggarts (Lair:5)
  2 human skeletons (Vaults:4)
  A phantom (D:7)
  A bullfrog (shapeshifter) (Elf:3)
  11 bullfrogs
  3 kobold brigands
  4 scorpions
  3 earth elementals
  7 wights
  14 killer bees
  Dowan (D:4)
  A killer bee (shapeshifter) (D:14)
  4 howler monkeys (D:7)
  6 electric eels
  A crimson imp (D:8)
  15 orc priests
  A jelly (D:4)
  3 gnoll boudas
  An iron imp (Depths:4)
  A jelly (shapeshifter) (WizLab)
  3 sleepcaps
  4 iguanas
  28 orc wizards
  Ijyb (D:4)
  Robin (D:4)
  A gnoll (shapeshifter) (WizLab)
  5 adders
  21 gnolls
  An adder (shapeshifter) (WizLab)
  2 river rats (shapeshifter)
  A white imp (D:6)
  A worm (shapeshifter) (Elf:2)
  4 worms
  A dart slug (shapeshifter) (WizLab)
  3 dart slugs
  105 orcs
  5 ball pythons
  9 bats
  9 endoplasms
  4 giant cockroaches
  2 goblins (shapeshifter) (WizLab)
  15 hobgoblins
  A jackal (shapeshifter) (WizLab)
  3 jackals (D:1)
  14 kobolds
  7 quokkas
  3 training dummies (Elf:3)
  4 frilled lizards
  22 goblins
  5 rats
  A rat (shapeshifter) (Depths:2)
2268 creatures vanquished.

Vanquished Creatures (collateral kills)
  A dread lich (Zot:5)
  Sojobo (Vaults:2)
  The ghost of Guraer the Brawler, a veteran OgSh of Okawaru (Elf:1)
  A mutant beast (WizLab)
  A tentacled monstrosity (Zot:3)
  Zenata (Vaults:1)
  2 Orb Guardians (Zot:5)
  2 storm dragons (Zot:5)
  An emperor scorpion (Spider:4)
  A vault warden (Vaults:2)
  An orc warlord (Vaults:4)
  Louise (Spider:2)
  An angel (Shoals:4)
  An ironbound preserver (Vaults:4)
  2 ironbound thunderhulks
  A red draconian (Zot:2)
  Azrael (Spider:4)
  A dire elephant (Vaults:4)
  A deep elf annihilator (Elf:3)
  An ettin (Zot:2)
  A deep elf death mage (Elf:3)
  A fire dragon (Elf:1)
  A great orb of eyes (Vaults:4)
  A satyr (Shoals:3)
  A deep troll earth mage (Depths:2)
  A deep troll (Depths:2)
  A large abomination (WizLab)
  2 ironbound convokers
  A lindwurm (Vaults:4)
  An arcanist (D:14)
  A necromancer (Depths:1)
  6 ugly things
  A wolf spider (Spider:2)
  2 moths of wrath
  A human skeleton (Vaults:4)
  A merfolk siren (Shoals:3)
  A rime drake (shapeshifter) (WizLab)
  2 trolls (Zot:2)
  2 tarantellas (Spider:2)
  2 merfolk
  A hellwing (Depths:4)
  An elf zombie (Vaults:4)
  2 redbacks
  2 orc warriors
  2 wolves (Lair:2)
  2 ogres
  2 orcs
65 creatures vanquished.

Vanquished Creatures (others)
  2 death cobs (Zot:1)
  Gastronok (Lair:3)
  A deep elf elementalist (Elf:3)
  A draconian shifter (Zot:2)
  A very ugly thing (WizLab)
  A stone giant (Depths:2)
  2 spark wasps
  A white draconian (Zot:5)
  A red draconian (Zot:3)
  An ettin (Zot:2)
  A jiangshi (Depths:2)
  An ice dragon (Depths:1)
  A hydra (Lair:5)
  A tengu warrior (Depths:2)
  A death knight (D:14)
  A two-headed ogre (D:8)
  An orc high priest (Bailey)
  2 hell knights (Depths:1)
  3 deep trolls
  2 harpies
  4 deep elf pyromancers
  A wolf spider (Spider:3)
  An ugly thing (D:14)
  A moth of wrath (Zot:2)
  A vault sentinel (Vaults:4)
  Joseph (D:7)
  A cane toad (Lair:1)
  A meliai (D:13)
  A tarantella (Spider:1)
  A blink frog (Lair:5)
  2 slime creatures
  A small abomination (WizLab)
  6 spriggans (Lair:5)
  A water elemental (Shoals:3)
  2 yaks (D:8)
  A culicivora (Spider:1)
  A wraith (D:10)
  A redback (Spider:4)
  16 dancing weapons
  Duvessa (D:4)
  4 orc warriors (Orc:2)
  2 black bears (Lair:5)
  7 wolves
  4 killer bees
  2 gnolls
  4 orcs
  55 fulminant prisms
149 creatures vanquished.

Grand Total: 2482 creatures vanquished

Notes
Turn   | Place    | Note
-------+----------+-------------------------------------------
     0 | D:1      | PaperRat the Kobold Enchanter began the quest for the Orb.
     0 | D:1      | Reached XP level 1. HP: 10/10 MP: 3/3
   254 | D:1      | Reached XP level 2. HP: 15/16 MP: 5/5
   258 | D:1      | Learned a level 2 spell: Ensorcelled Hibernation
   686 | D:1      | Reached skill level 1 in Fighting
   850 | D:1      | Reached XP level 3. HP: 17/20 MP: 6/6
   859 | D:1      | Reached skill level 1 in Ice Magic
   872 | D:1      | Learned a level 3 spell: Confusing Touch
  1443 | D:2      | Found Goxyep's Distillery.
  1450 | D:2      | Bought a potion of heal wounds for 55 gold pieces
  1450 | D:2      | Bought a potion of curing for 33 gold pieces
  1877 | D:2      | Reached XP level 4. HP: 22/25 MP: 7/7
  2179 | D:2      | You fall into a shaft and drop 1 floor!
  2851 | D:3      | Learned a level 1 spell: Summon Small Mammal
  3085 | D:3      | Found a faded altar of an unknown god.
  3134 | D:2      | Bought a potion of enlightenment for 55 gold pieces
  3481 | D:3      | Identified the +1 trident "Lemnucyg" {venom, rN+ Dex+3}
  3621 | D:1      | Reached skill level 5 in Stealth
  3768 | D:1      | Reached XP level 5. HP: 30/30 MP: 8/8
  3851 | D:3      | Found a glowing silver altar of Zin.
  3907 | D:4      | Noticed Ijyb
  3912 | D:4      | Noticed Dowan
  3912 | D:4      | Noticed Duvessa
  3930 | D:4      | Reached skill level 1 in Summonings
  3939 | D:4      | Killed Dowan
  3960 | D:4      | Killed Ijyb
  3961 | D:4      | Reached XP level 6. HP: 35/35 MP: 6/9
  4106 | D:4      | Learned a level 3 spell: Tukima's Dance
  4388 | D:5      | Entered Level 5 of the Dungeon
  4400 | D:5      | Noticed an ice beast
  4420 | D:5      | Reached skill level 1 in Evocations
  4666 | D:5      | Noticed an ogre
  4719 | D:5      | Noticed an orc warrior
  4737 | D:5      | Killed an orc warrior
  4738 | D:5      | Reached XP level 7. HP: 32/40 MP: 4/11
  5017 | D:5      | Found a glowing golden altar of the Shining One.
  5291 | D:5      | Reached skill level 5 in Hexes
  5319 | D:5      | Found a faded altar of an unknown god.
  5615 | D:5      | Reached XP level 8. HP: 47/47 MP: 5/12
  6107 | D:5      | Reached skill level 5 in Short Blades
  6320 | D:5      | Learned a level 3 spell: Dazzling Flash
  6390 | D:2      | Bought a potion of mutation for 88 gold pieces
  6731 | D:3      | Found a faded altar of an unknown god.
  6869 | D:3      | Found a glowing silver altar of Zin.
  8062 | D:6      | Found a staircase to the Ecumenical Temple.
  8068 | Temple   | Entered the Ecumenical Temple
  8069 | Temple   | Noticed a blizzard demon
  8070 | Temple   | Noticed an orange demon
  8070 | Temple   | Noticed Rialeusch the pandemonium lord
  8070 | Temple   | Noticed a Tzitzimitl
  8071 | Temple   | Noticed an ice devil
  8075 | Temple   | Noticed a sun demon
  8085 | Temple   | Became a worshipper of Ru the Awakened
  8094 | Temple   | Noticed Xuarch the pandemonium lord
  8307 | D:6      | Reached skill level 1 in Conjurations
  8462 | D:6      | Reached XP level 9. HP: 52/52 MP: 13/13
  8496 | D:6      | Identified a scroll of acquirement
  8497 | D:6      | Acquired the Omnibus of Forces
  8907 | D:6      | Reached skill level 5 in Dodging
  8975 | D:6      | Learned a level 3 spell: Summon Guardian Golem
  8999 | D:7      | Noticed Joseph
  9100 | D:7      | Reached skill level 5 in Fighting
  9157 | D:7      | Found a flagged portal.
  9195 | Bailey   | Entered a bailey
  9748 | Bailey   | Reached XP level 10. HP: 59/59 MP: 5/16
  9884 | Bailey   | Gained mutation: You are somewhat inexperienced. (-1 XL)
                  | [Ru sacrifice]
  9884 | Bailey   | Reached XP level 9. HP: 54/54 MP: 15/15
  9884 | Bailey   | Reached * piety under Ru
  9923 | Bailey   | Acquired the +2 hat of Lust {Int+2}
  9930 | Bailey   | Acquired the +11 dagger of Doom {flame, Dex+5}
 10159 | Bailey   | Noticed an orc knight
 10189 | Bailey   | Killed an orc knight
 10190 | Bailey   | Reached skill level 5 in Spellcasting
 10305 | Bailey   | Found an iron altar of Okawaru.
 10312 | Bailey   | Noticed a kobold demonologist
 10337 | Bailey   | Noticed a smoke demon
 10338 | Bailey   | Killed a kobold demonologist
 10484 | Bailey   | Noticed an orc high priest
 10521 | Bailey   | Killed an orc high priest
 10522 | Bailey   | Reached skill level 10 in Stealth
 10707 | D:7      | Killed Joseph
 10929 | D:7      | Learned a level 4 spell: Fulminant Prism
 11038 | D:7      | Reached XP level 10. HP: 60/60 MP: 18/18
 11878 | D:4      | Noticed Robin
 11886 | D:4      | Killed Robin
 11977 | D:4      | Killed Duvessa
 12267 | D:2      | Bought a potion of attraction for 33 gold pieces
 12267 | D:2      | Bought a potion of ambrosia for 88 gold pieces
 12546 | D:8      | Noticed a two-headed ogre
 12566 | D:8      | Killed a two-headed ogre
 13407 | D:8      | Found a burning altar of Makhleb.
 14767 | D:10     | Entered Level 10 of the Dungeon
 14877 | D:10     | Found a shimmering altar of Xom.
 15417 | D:2      | Bought a potion of enlightenment for 55 gold pieces
 16089 | D:11     | Noticed a boulder beetle
 16164 | D:11     | Noticed a boulder beetle
 16209 | D:11     | Found a staircase to the Lair.
 16305 | D:11     | Noticed a two-headed ogre
 16479 | D:11     | Killed a boulder beetle
 16480 | D:11     | Reached skill level 1 in Armour
 16480 | D:11     | Reached XP level 11. HP: 67/67 MP: 18/20
 16562 | D:11     | Found a staircase to the Orcish Mines.
 16616 | D:11     | Killed a boulder beetle
 16976 | D:11     | Killed a two-headed ogre
 17194 | Lair:1   | Entered Level 1 of the Lair of Beasts
 17205 | D:11     | Reached skill level 10 in Short Blades
 17713 | Lair:1   | Reached skill level 5 in Evocations
 18199 | Lair:1   | Gained mutation: You are inexperienced. (-2 XL) [Ru
                  | sacrifice]
 18199 | Lair:1   | Reached XP level 10. HP: 64/64 MP: 19/19
 18199 | Lair:1   | Reached ** piety under Ru
 18199 | Lair:1   | Reached *** piety under Ru
 19026 | Lair:2   | Noticed Sonja
 19027 | Lair:2   | Sonja changed into Sonja the black bear
 19027 | Lair:2   | Noticed Sonja
 19033 | Lair:2   | Killed Sonja the black bear
 19506 | Lair:2   | You fall into a shaft and drop 1 floor!
 19543 | Lair:3   | Found a gate leading to a gauntlet.
 19552 | Gauntlet | Entered a Gauntlet
 19552 | Gauntlet | Found a transporter.
 19589 | Gauntlet | Found a transporter.
 19596 | Gauntlet | Found a runed translucent door.
 19597 | Gauntlet | Found a runed translucent door.
 19604 | Gauntlet | Found a transporter.
 19608 | Gauntlet | Noticed a death scarab
 19613 | Gauntlet | Found a runed translucent gate.
 19613 | Gauntlet | Noticed a death scarab
 19621 | Gauntlet | Found a transporter.
 19621 | Gauntlet | Found a runed translucent gate.
 19622 | Gauntlet | Found a runed translucent gate.
 19638 | Gauntlet | Found a transporter.
 19646 | Gauntlet | Found a transporter.
 19664 | Gauntlet | Found a transporter.
 19673 | Gauntlet | Found a transporter.
 19686 | Gauntlet | Found a transporter.
 19707 | Gauntlet | Found a transporter.
 19716 | Gauntlet | Noticed a thrashing horror
 19720 | Gauntlet | Found a transporter.
 19728 | Gauntlet | Found a transporter.
 19741 | Gauntlet | Noticed a thrashing horror
 19746 | Gauntlet | Found a transporter.
 19759 | Gauntlet | Found a transporter.
 20008 | Gauntlet | Learned a level 1 spell: Apportation
 20025 | Gauntlet | Identified the staff of Doom {SInv Earth}
 20063 | Gauntlet | Noticed a minotaur
 20070 | Gauntlet | Killed a minotaur
 20071 | Gauntlet | Reached skill level 5 in Conjurations
 20071 | Gauntlet | Reached XP level 11. HP: 69/69 MP: 20/20
 20075 | Gauntlet | Got Sif Muna's Codex of Skeletons and Orientation
 20346 | Lair:2   | Found a hole to the Spider Nest.
 20584 | Lair:3   | Found a staircase to the Shoals.
 20705 | Lair:3   | Gained mutation: You cannot train Armour skill. [Ru
                  | sacrifice]
 20705 | Lair:3   | Reached **** piety under Ru
 20750 | Lair:3   | Reached skill level 5 in Shields
 20755 | Lair:3   | Learned a level 4 spell: Iskenderun's Mystic Blast
 21023 | Lair:3   | Noticed Gastronok
 21046 | Lair:3   | Killed Gastronok
 21372 | Lair:4   | Reached skill level 1 in Translocations
 21540 | Lair:4   | Found a transporter.
 21709 | Lair:4   | Noticed an eight-headed hydra
 21710 | Lair:4   | Found a transporter.
 21710 | Lair:4   | Noticed Urontig's ghost (journeyman AtMo)
 21977 | Lair:4   | Noticed a five-headed hydra
 22493 | Lair:5   | Entered Level 5 of the Lair of Beasts
 22627 | Lair:5   | Found a staircase to the Slime Pits.
 22628 | Lair:5   | Found a viscous altar of Jiyva.
 22671 | Lair:5   | Gained mutation: You cannot voluntarily change form. [Ru
                  | sacrifice]
 22803 | Lair:5   | Reached XP level 12. HP: 77/77 MP: 23/23
 23014 | Lair:5   | Reached skill level 10 in Fighting
 23546 | Lair:5   | Reached skill level 10 in Dodging
 23742 | Lair:5   | Reached skill level 5 in Translocations
 24536 | Lair:5   | Found a viscous altar of Jiyva.
 24538 | Lair:5   | Found a staircase to the Slime Pits.
 25477 | Orc:1    | Entered Level 1 of the Orcish Mines
 25924 | Orc:1    | Noticed Fannar
 25935 | Orc:1    | Killed Fannar
 25936 | Orc:1    | Gained mutation: You are somewhat unskilled. (-1 Apt) [Ru
                  | sacrifice]
 25936 | Orc:1    | Reached ***** piety under Ru
 25945 | Orc:1    | Reached skill level 5 in Translocations
 26199 | Orc:1    | Noticed Maurice
 26200 | Orc:1    | Maurice changed into Maurice the hog
 26200 | Orc:1    | Noticed Maurice
 26204 | Orc:1    | Killed Maurice the hog
 26331 | Orc:1    | Found a transporter.
 26428 | Orc:2    | Entered Level 2 of the Orcish Mines
 26429 | Orc:2    | Found a staircase to the Elven Halls.
 26456 | Orc:2    | Noticed Nessos
 26464 | Orc:2    | Killed Nessos
 26527 | Orc:2    | Noticed Snorg
 26531 | Orc:2    | Killed Snorg
 26741 | Orc:2    | Noticed Josephine
 26964 | Orc:2    | Killed Josephine
 26965 | Orc:2    | Reached XP level 13. HP: 80/80 MP: 23/23
 27293 | Orc:2    | Found Genlun's Weapon Boutique.
 27385 | Orc:2    | Found Janurarch's Distillery.
 27557 | Orc:2    | Reached skill level 5 in Summonings
 27697 | Orc:2    | Found Soitatug's Book Boutique.
 27701 | Orc:2    | Reached skill level 10 in Short Blades
 27942 | Orc:2    | Found Haexi's General Store.
 28177 | Orc:2    | Bought a book of Spatial Translocations for 252 gold pieces
 28207 | Orc:2    | Bought 5 curare-tipped darts for 90 gold pieces
 28207 | Orc:2    | Bought 5 darts of dispersal for 67 gold pieces
 28240 | Orc:2    | Bought 3 scrolls of enchant weapon for 315 gold pieces
 28240 | Orc:2    | Bought a scroll of immolation for 56 gold pieces
 29488 | D:12     | Learned a level 2 spell: Blink
 31508 | D:13     | Reached skill level 10 in Evocations
 31627 | D:13     | Found a gate to the Vaults.
 31846 | D:14     | Reached skill level 10 in Dodging
 31983 | D:14     | Reached XP level 14. HP: 75/79 MP: 25/25
 32206 | D:14     | Reached skill level 10 in Fighting
 32885 | D:14     | Found a shimmering blue altar of Sif Muna.
 33808 | D:15     | Entered Level 15 of the Dungeon
 34353 | D:15     | Learned a level 4 spell: Manifold Assault
 34907 | D:15     | Found a staircase to the Depths.
 35275 | Spider:1 | Entered Level 1 of the Spider Nest
 35384 | Spider:1 | Noticed Roxanne
 35535 | Spider:1 | Noticed Asterion
 35538 | Spider:1 | Noticed Agnes
 35551 | Spider:1 | Killed Agnes
 35780 | Spider:1 | Noticed an Executioner
 35992 | Lair:2   | Noticed an Executioner
 35993 | Lair:2   | Killed Asterion
 36460 | Spider:1 | Identified the +12 rapier of Fissotu {heavy, rElec rPois
                  | rF- rN+}
 36571 | Spider:1 | Reached XP level 15. HP: 82/94 MP: 27/27
 36807 | Spider:1 | Reached skill level 10 in Hexes
 37035 | Spider:2 | Noticed Louise
 37076 | Spider:2 | Killed Louise
 37085 | Spider:2 | Identified the +4 chain mail "Xioc" {rN+}
 37099 | Spider:2 | Noticed Arachne
 37106 | Spider:2 | Killed Arachne
 37735 | Spider:2 | You fall into a shaft and drop 1 floor!
 38862 | Spider:3 | Noticed Azrael
 39546 | Spider:3 | Learned a level 5 spell: Arcjolt
 42059 | Spider:4 | Entered Level 4 of the Spider Nest
 42127 | Spider:3 | Reached skill level 1 in Air Magic
 42639 | Spider:4 | Reached XP level 16. HP: 101/101 MP: 26/28
 42762 | Spider:4 | Killed Azrael
 42822 | Spider:4 | Identified the +0 scale mail of the Holding Gods {*Slow
                  | rPois Int+2 SInv}
 42853 | Spider:4 | Reached skill level 10 in Translocations
 43031 | Spider:4 | Identified the +6 quarterstaff "Arphav" {heavy, Int-2 Dex+2
                  | Stlth+}
 44555 | Spider:4 | Reached skill level 5 in Air Magic
 44987 | Spider:4 | Got a gossamer rune of Zot
 45293 | Shoals:1 | Entered Level 1 of the Shoals
 45816 | Shoals:1 | Noticed Frances
 45825 | Shoals:1 | Noticed Donald
 45826 | Shoals:1 | Killed Frances
 45904 | Shoals:1 | Learned a level 3 spell: Mephitic Cloud
 47601 | Shoals:2 | Found Uppist's Jewellery Boutique.
 47657 | Shoals:2 | Bought a ring of see invisible for 270 gold pieces
 47970 | Shoals:3 | Noticed Ilsuiw
 47997 | Shoals:3 | Killed Ilsuiw
 48456 | Shoals:3 | Reached XP level 17. HP: 104/105 MP: 16/29
 48896 | Shoals:3 | Noticed Bai Suzhen
 49074 | Shoals:3 | Noticed Polyphemus
 49269 | Shoals:3 | Killed Polyphemus
 49406 | Shoals:3 | Got the Octavo of Electricity and Moulding
 50028 | Shoals:3 | Killed Bai Suzhen
 50080 | Shoals:3 | Learned a level 4 spell: Airstrike
 50089 | Shoals:4 | Entered Level 4 of the Shoals
 50868 | Shoals:4 | Reached skill level 10 in Air Magic
 51805 | Shoals:4 | Identified the +3 short sword "Killer Klown's Peril"
                  | {antimagic, rElec Str+3}
 52381 | Shoals:4 | Found a white marble altar of Elyvilon.
 52653 | Shoals:4 | Found a glowing golden altar of the Shining One.
 52860 | Shoals:4 | Found a glowing silver altar of Zin.
 52871 | Shoals:4 | Got a barnacled rune of Zot
 52992 | Shoals:1 | Killed Donald
 53135 | Elf:1    | Entered Level 1 of the Elven Halls
 53146 | Elf:1    | Learned a level 4 spell: Fulminant Prism
 53204 | Elf:1    | Reached XP level 18. HP: 114/114 MP: 26/31
 53244 | Elf:1    | Paralysed by an air elemental for 1 turns
 54426 | Elf:1    | Found a runed translucent gate.
 54427 | Elf:1    | Found a runed translucent gate.
 54428 | Elf:1    | Noticed Guraer's ghost (veteran OgSh)
 54430 | Elf:1    | Noticed Opo Tac's ghost (journeyman OpSh)
 54443 | Elf:1    | Found a runed translucent gate.
 54577 | Elf:1    | Identified the +3 dagger "Jellybane" {heavy, Str+5 Int-2}
 54803 | Elf:1    | Found a runed translucent gate.
 54803 | Elf:1    | Found a runed translucent gate.
 54803 | Elf:1    | Found a runed translucent gate.
 54803 | Elf:1    | Found a runed translucent gate.
 54804 | Elf:1    | Found a runed translucent gate.
 54809 | Elf:1    | Found a runed translucent gate.
 55195 | Lair:4   | Killed Urontig's ghost
 55543 | Elf:1    | Killed Opo Tac's ghost
 55611 | Elf:1    | Killed Guraer's ghost
 55783 | Elf:2    | Found a transporter.
 55784 | Elf:2    | Found a transporter.
 55804 | Elf:2    | Found a transporter.
 55805 | Elf:2    | Found a transporter.
 55810 | Elf:2    | Found a transporter.
 55813 | Elf:2    | Found a transporter.
 56058 | Elf:2    | Reached skill level 10 in Spellcasting
 56456 | Elf:2    | Found a runed translucent gate.
 56456 | Elf:2    | Found a runed translucent gate.
 56457 | Elf:2    | Found a runed translucent gate.
 56680 | Elf:3    | Entered Level 3 of the Elven Halls
 56970 | Elf:3    | Found a gateway to a bazaar.
 56997 | Bazaar   | Entered a bazaar
 57006 | Bazaar   | Found Cips's Jewellery Shop.
 57006 | Bazaar   | Found Kiwkiss's Book Boutique.
 57026 | Bazaar   | Bought the ring "Huda" {rPois rC+ Will+ Int-4} for 436 gold
                  | pieces
 57172 | Elf:3    | Reached skill level 1 in Invocations
 57384 | Elf:3    | Reached XP level 19. HP: 121/121 MP: 33/33
 57401 | Elf:3    | Learned a level 2 spell: Passwall
 57429 | Elf:3    | Identified the +1 pair of gloves "Vassaita" {+Inv Regen+
                  | Slay+3}
 57680 | Elf:3    | Learned a level 3 spell: Ignite Poison
 57791 | Elf:3    | Reached skill level 1 in Earth Magic
 57792 | Elf:3    | Reached skill level 1 in Transmutations
 57792 | Elf:3    | Reached skill level 1 in Fire Magic
 57796 | Elf:3    | Reached skill level 1 in Poison Magic
 57825 | Elf:3    | Identified the amulet of Xom's Amusement {RegenMP rF+}
 58325 | Elf:3    | Got Sif Muna's Folio of the Ghastly Whammy
 58363 | Elf:3    | Identified the staff of Propriety {rF+ Will++ Fire}
 58366 | Elf:3    | Identified the +1 orcbow of Reppive {heavy, MP+9 Int+2
                  | SInv}
 60620 | Vaults:1 | Entered Level 1 of the Vaults
 61332 | Vaults:1 | Reached XP level 20. HP: 128/128 MP: 23/34
 61458 | Vaults:1 | Reached skill level 15 in Dodging
 61626 | Vaults:1 | Found a portal to a secret trove of treasure.
 61710 | Vaults:1 | Noticed Zenata
 61724 | Vaults:1 | Killed Zenata
 61725 | Vaults:1 | Reached skill level 15 in Evocations
 62069 | Vaults:2 | Reached skill level 15 in Fighting
 63201 | Vaults:2 | Found a staircase to the Crypt.
 63201 | Vaults:2 | Found an ancient bone altar of Kikubaaqudgha.
 63201 | Vaults:2 | Found a basalt altar of Yredelemnul.
 63764 | Vaults:2 | Found Xitoc's General Store.
 63883 | Vaults:2 | Noticed Sojobo
 64175 | Vaults:2 | Reached XP level 21. HP: 73/131 MP: 22/35
 64591 | Vaults:2 | Killed Sojobo
 64703 | Vaults:2 | Bought a wand of charming (1) for 40 gold pieces
 64703 | Vaults:2 | Bought a scroll of vulnerability for 68 gold pieces
 64703 | Vaults:2 | Bought a scroll of acquirement for 884 gold pieces
 65443 | Vaults:3 | Found a runed translucent door.
 65444 | Vaults:3 | Found a shimmering altar of Xom.
 65444 | Vaults:3 | Noticed Lafiguk's ghost (adept OgCA)
 65552 | Vaults:3 | Learned a level 4 spell: Summon Lightning Spire
 67587 | Vaults:3 | Reached skill level 15 in Air Magic
 67592 | Vaults:3 | Killed Lafiguk's ghost
 67763 | Vaults:4 | Reached skill level 5 in Shields
 68274 | Vaults:4 | Found a transporter.
 68317 | Vaults:4 | Found a transporter.
 68902 | Vaults:4 | Reached XP level 22. HP: 142/142 MP: 13/37
 69276 | Vaults:4 | Identified the +3 shortbow "Oxzimaf" {drain, Dex+3}
 69281 | Vaults:4 | Identified the amulet "Cuanaluwaw" {Reflect Fly rPois SH+5}
 69291 | Vaults:4 | Identified the amulet "Quwoma" {RegenMP +Inv rPois Dex-5}
 69912 | Depths:1 | Entered Level 1 of the Depths
 69961 | Depths:1 | Found a magical portal.
 69969 | WizLab   | Entered Cigotuvi's Fleshworks
 70198 | WizLab   | Gained mutation: You occasionally lose the ability to drink
                  | potions when taking damage. [mutagenic glow]
 70628 | WizLab   | Found the -2 hat of the Alchemist {rElec rPois rF+ rC+ rN+
                  | Will+ rMut rCorr}
 71133 | WizLab   | Got Cigotuvi's Parchment of Open Graves
 71540 | Vaults:4 | Lost mutation: You occasionally lose the ability to drink
                  | potions when taking damage. [potion of mutation]
 71540 | Vaults:4 | Gained mutation: You have a somewhat thin skeletal
                  | structure. (Dex +2, Stealth+) [potion of mutation]
 71540 | Vaults:4 | Gained mutation: You are frail. (-10% HP) [potion of
                  | mutation]
 71540 | Vaults:4 | Gained mutation: You have a pair of small horns on your
                  | head. [potion of mutation]
 71541 | Vaults:4 | Lost mutation: You have a pair of small horns on your head.
                  | [potion of mutation]
 71541 | Vaults:4 | Lost mutation: You are frail. (-10% HP) [potion of
                  | mutation]
 71541 | Vaults:4 | Gained mutation: Your magical capacity is low. (-10% MP)
                  | [potion of mutation]
 71541 | Vaults:4 | Gained mutation: You are vulnerable to cold. (rC-) [potion
                  | of mutation]
 71542 | Vaults:4 | Lost mutation: You have a somewhat thin skeletal structure.
                  | (Dex +2, Stealth+) [potion of mutation]
 71542 | Vaults:4 | Lost mutation: You are vulnerable to cold. (rC-) [potion of
                  | mutation]
 71542 | Vaults:4 | Lost mutation: Your magical capacity is low. (-10% MP)
                  | [potion of mutation]
 71542 | Vaults:4 | Gained mutation: You are agile. (Dex +4, Str/Int -1)
                  | [potion of mutation]
 71838 | Orc:1    | Found a transporter.
 71838 | Orc:1    | Found a runed translucent door.
 71852 | Orc:1    | Found a bloodstained altar of Trog.
 71852 | Orc:1    | Found the +8 Wrath of Trog {antimagic, *Rage Rampage}
 71923 | Orc:1    | Identified the +10 chain mail "Nesi" {Stlth+}
 72378 | Depths:1 | Found a gateway to Hell.
 72453 | Depths:1 | Identified the +0 leather armour "Zeapluc" {rC+ Int+4
                  | Slay+3 Stlth-}
 72618 | Depths:1 | Found a one-way gateway to a ziggurat.
 73407 | Depths:1 | Learned a level 8 spell: Maxwell's Capacitive Coupling
 73554 | Depths:2 | Found a one-way gate leading to the halls of Pandemonium.
 73600 | Depths:2 | Found Kiochaup's Jewellery Shop.
 74269 | Depths:2 | Noticed a golden dragon
 74347 | Depths:2 | Killed a golden dragon
 74378 | Depths:2 | Found an ancient bone altar of Kikubaaqudgha.
 74544 | Depths:2 | Reached XP level 23. HP: 147/147 MP: 24/38
 75110 | Depths:2 | Found Plog's Jewellery Emporium.
 76074 | Depths:2 | Bought the ring "Sudofe" {Wiz rF+} for 880 gold pieces
 76382 | Slime:1  | Entered Level 1 of the Pits of Slime
 77349 | Slime:5  | Entered Level 5 of the Pits of Slime
 77570 | Slime:5  | Learned a level 4 spell: Airstrike
 78211 | Slime:5  | Noticed the Royal Jelly
 78236 | Slime:5  | Killed the Royal Jelly
 78496 | Slime:5  | Got the Directory of the Storm and Cold
 78498 | Slime:5  | Got a slimy rune of Zot
 78499 | Slime:5  | Identified the +0 ring mail "Pyuzyune" {rElec rN+ Stlth+}
 78502 | Slime:5  | Identified the +1 robe of a sewer {rN+}
 78539 | Slime:5  | Identified the +0 kite shield of Gallantry {rElec rF+
                  | Str+2}
 79446 | Depths:3 | Reached XP level 24. HP: 137/154 MP: 8/39
 80144 | Depths:3 | Reached skill level 15 in Stealth
 80195 | Depths:3 | Found a one-way gate to the infinite horrors of the Abyss.
 80369 | Depths:3 | Found Hickog's Distillery.
 80381 | Depths:3 | Found Utoemul's Armour Shoppe.
 80383 | Depths:3 | Found Ofurafoe's Magic Scroll Shoppe.
 80693 | Depths:4 | Entered Level 4 of the Depths
 80761 | Depths:4 | Noticed a juggernaut
 80765 | Depths:4 | Killed a juggernaut
 81366 | Depths:4 | Learned a level 5 spell: Summon Mana Viper
 81885 | Depths:4 | Identified the +1 robe of Cynicism {rC- Will+++ rCorr
                  | Str-5}
 81907 | Depths:4 | Identified the +12 dagger of Makhleb's Hope {flame, Fragile
                  | rC+ rN++ Int+3}
 82237 | Depths:4 | Found a gate to the Realm of Zot.
 82383 | Zot:1    | Entered Level 1 of the Realm of Zot
 82505 | Depths:3 | Bought a potion of enlightenment for 80 gold pieces
 82505 | Depths:3 | Bought a potion of curing for 48 gold pieces
 82505 | Depths:3 | Bought a potion of heal wounds for 80 gold pieces
 82505 | Depths:3 | Bought a potion of curing for 48 gold pieces
 82789 | Orc:2    | Bought a potion of haste for 130 gold pieces
 82789 | Orc:2    | Bought a potion of brilliance for 52 gold pieces
 82789 | Orc:2    | Bought a potion of mutation for 104 gold pieces
 82789 | Orc:2    | Bought a potion of curing for 39 gold pieces
 83773 | Zot:1    | Noticed Dety Ygi's ghost (veteran MiMo)
 83779 | Zot:1    | Found a runed translucent door.
 83793 | Zot:1    | Killed Dety Ygi's ghost
 83885 | Zot:1    | Reached XP level 25. HP: 162/162 MP: 39/39
 84036 | Zot:1    | Noticed an orb of fire
 84044 | Zot:1    | Killed an orb of fire
 84424 | Zot:2    | Reached skill level 5 in Invocations
 85544 | Zot:2    | Reached skill level 10 in Invocations
 86349 | Zot:3    | Found the +3 crown of Dyrovepreva {rElec Int+2 SInv}
 86674 | Zot:3    | Noticed a Killer Klown
 86679 | Zot:3    | Killed a Killer Klown
 86790 | Zot:3    | Noticed an orb of fire
 86800 | Zot:3    | Killed an orb of fire
 87600 | Zot:4    | Noticed a Killer Klown
 87611 | Zot:4    | Killed a Killer Klown
 87800 | Zot:4    | Reached skill level 15 in Invocations
 87854 | Zot:4    | Identified the staff of Impatience {rElec rPois rC+ MP+9
                  | Dex-2 Air}
 87932 | Zot:4    | Identified the staff "Qesyenn" {rElec Dex+3 Air}
 87957 | Zot:4    | Identified the amulet "Cennu" {RegenMP Drain Int+5 Dex+5}
 87975 | Zot:4    | Got the Almanac of Hurting and Composition
 87991 | Zot:4    | Identified the ring of Attitude {rElec rN+ Will- Str+2
                  | Dex+5}
 88919 | Zot:5    | Entered Level 5 of the Realm of Zot
 89715 | Zot:5    | Noticed an orb of fire
 89721 | Zot:5    | Killed an orb of fire
 89865 | Zot:5    | Noticed an orb of fire
 89866 | Zot:5    | Gained mutation: You sometimes lose your temper in combat.
                  | [an orb of fire]
 89873 | Zot:5    | Killed an orb of fire
 90096 | Zot:5    | Lost mutation: You sometimes lose your temper in combat.
                  | [potion of mutation]
 90096 | Zot:5    | Lost mutation: You are agile. (Dex +4, Str/Int -1) [potion
                  | of mutation]
 90096 | Zot:5    | Gained mutation: Your mind is acute. (Int +4, Str/Dex -1)
                  | [potion of mutation]
 90096 | Zot:5    | Gained mutation: Armour fits poorly on your strangely
                  | shaped body. [potion of mutation]
 90096 | Zot:5    | Gained mutation: Your spells are a little harder to cast,
                  | but a little more powerful. [potion of mutation]
 90096 | Zot:5    | Gained mutation: You have large cloven feet. [potion of
                  | mutation]
 90097 | Zot:5    | Lost mutation: You have large cloven feet. [potion of
                  | mutation]
 90097 | Zot:5    | Lost mutation: Your spells are a little harder to cast, but
                  | a little more powerful. [potion of mutation]
 90097 | Zot:5    | Lost mutation: Armour fits poorly on your strangely shaped
                  | body. [potion of mutation]
 90097 | Zot:5    | Gained mutation: Your muscles are strong. (Str +4, Int/Dex
                  | -1) [potion of mutation]
 90097 | Zot:5    | Gained mutation: You are partially covered in iridescent
                  | scales. (AC +2) [potion of mutation]
 90174 | Zot:5    | Noticed a dread lich
 90195 | Zot:5    | Killed a dread lich
 90197 | Zot:5    | Noticed an ancient lich
 90201 | Zot:5    | Killed an ancient lich
 90252 | Zot:5    | Noticed an ancient lich
 90256 | Zot:5    | Killed an ancient lich
 90257 | Zot:5    | Noticed an ancient lich
 90264 | Zot:5    | Killed an ancient lich
 90308 | Zot:5    | Noticed an ancient lich
 90313 | Zot:5    | Killed an ancient lich
 90386 | Zot:5    | Noticed a Killer Klown
 90392 | Zot:5    | Noticed an orb of fire
 90396 | Zot:5    | Killed a Killer Klown
 90425 | Zot:5    | Noticed an ancient lich
 90433 | Zot:5    | Killed an ancient lich
 90571 | Zot:5    | Noticed a Killer Klown
 90576 | Zot:5    | Killed a Killer Klown
 91018 | Zot:5    | Noticed an ancient lich
 91021 | Zot:5    | Noticed an ancient lich
 91036 | Zot:5    | Killed an ancient lich
 91040 | Zot:5    | Killed an ancient lich
 91046 | Zot:5    | Killed an orb of fire
 91121 | Zot:5    | Noticed an orb of fire
 91125 | Zot:5    | Killed an orb of fire
 91190 | Zot:5    | Noticed an ancient lich
 91194 | Zot:5    | Killed an ancient lich
 91195 | Zot:5    | Noticed a dread lich
 91216 | Zot:5    | Killed a dread lich
 91247 | Zot:5    | Noticed a Killer Klown
 91252 | Zot:5    | Killed a Killer Klown
 91352 | Zot:5    | Noticed a dread lich
 91360 | Zot:5    | Killed a dread lich
 91423 | Zot:5    | Noticed an ancient lich
 91430 | Zot:5    | Killed an ancient lich
 91819 | Zot:5    | Got the Orb of Zot
 92015 | Depths:4 | Noticed Cioronatt the pandemonium lord
 92022 | Depths:4 | Killed Cioronatt the pandemonium lord
 92171 | Depths:2 | Noticed Vack the pandemonium lord
 92179 | Depths:2 | Noticed Qumaesk the pandemonium lord
 92636 | D:$      | Escaped with the Orb!

Illustrated notes

Levels and vault maps discovered:
D:1:      nzn_arrival_settlement, layout_loops_ring, minmay_misc_feat_diagonals,
          minmay_small_reverse_x
D:2:      minmay_diamond_boxcup, layout_loops_ring, serial_shops,
          nicolae_shop_advertising_works [nicolae_subvault_shop_adworks],
          grunt_ministairs_3
D:3:      layout_basic, lemuel_tele_altar, hellmonk_ecumenical_altar_blasted,
          minmay_crystal_water, roderic_serpentine_path
D:4:      layout_basic, serial_park_tiny_pond, uniq_duvessa, uniq_ijyb,
          uniq_robin
D:5:      layout_cave_pods, tso_altar, serial_column_ruins, column_ruins_hut,
          column_ruins_temple_circle, column_ruins_grid_1, column_ruins_grid_1,
          column_ruins_grid_4, column_ruins_open_tiny, column_ruins_grid_3
D:6:      layout_basic, minmay_temple_entry_poolview, nicolae_letterblocks
          [nicolae_letter_subblock, nicolae_letter_subblock,
          nicolae_letter_subblock, nicolae_letter_subblock,
          nicolae_letter_subblock, nicolae_letter_subblock,
          nicolae_letter_subblock, nicolae_letter_subblock,
          nicolae_letter_subblock, nicolae_letter_subblock,
          nicolae_letter_subblock, nicolae_letter_subblock,
          nicolae_letter_subblock, nicolae_letter_subblock,
          nicolae_letter_subblock, nicolae_letter_subblock,
          nicolae_letter_subblock, nicolae_letter_subblock,
          nicolae_letter_subblock, nicolae_letter_subblock,
          nicolae_letter_subblock, nicolae_letter_subblock,
          nicolae_letter_subblock, nicolae_letter_subblock,
          nicolae_letter_subblock]
D:7:      layout_basic, enter_bailey_5, uniq_joseph
D:8:      layout_loops_ring, makhleb_grotto_becter
D:9:      layout_gridville, small_statue_intersection, minivault_21,
          moated_statue, chequers_serial_rivers_small_3
D:10:     layout_rooms, mainiacjoe_overflow_small_starburst
D:11:     layout_rooms, lair_entry_dummy, minmay_orc_entry_temple_small
D:12:     layout_irregular_city
D:13:     layout_grid_maze, grunt_vaults_entry_tiered, special_room
          [special_room_bee], drop_trap
D:14:     layout_basic, nicolae_sif_muna_condensation, hex_large
D:15:     hellmonk_depths_entry_around_the_bend, layout_small_grid,
          minmay_misc_feat_rugged
Temple:   nicolae_temple_panitentiary
Lair:1:   layout_cave_pods, nicolae_lair_lil_pond
Lair:2:   layout_big_grid, nicolae_spider_entry_orb_guardian, evilmike_ambush
          [evilmike_ambush_outer_basic, evilmike_ambush_inner_basic],
          serial_bayou_shore_b, serial_bayou_shore_b, uniq_sonja
Lair:3:   layout_regular_city, minmay_shoals_entry_centaurs,
          gauntlet_entry_generic, serial_bayou_ford_a, lemuel_fruit_fields,
          uniq_gastronok
Lair:4:   layout_gridlike, gammafunk_ghost_arena, lemuel_fruit_tree,
          serial_bayou_shore_a
Lair:5:   minmay_lair_end_enchanted_forest, layout_cave_pods, slime_entry_1
Shoals:1: layout_shoals, nicolae_shoals_the_drawing_of_the_three, uniq_frances,
          uniq_donald
Shoals:2: layout_shoals, nicolae_shoals_c_island
Shoals:3: layout_shoals, uniq_polyphemus, uniq_ilsuiw, uniq_bai_suzhen
Shoals:4: shoals_end_hellmonk_holy_island, serial_shops
Spider:1: layout_spider_delve, hangedman_spider_tarantella_strand, uniq_agnes,
          uniq_roxanne, uniq_asterion
Spider:2: layout_spider_delve, uniq_arachne, uniq_louise
Spider:3: layout_spider_delve, uniq_azrael
Spider:4: spider_rune_water
Slime:1:  layout_caves, basic_altar
Slime:2:  layout_caves, nicolae_slime_crime_time
Slime:3:  layout_caves
Slime:4:  layout_caves
Slime:5:  slime_pit_nicolae_royal_road_to_ruin
Orc:1:    emtedronai_trogs_sanctum, layout_caves, uniq_maurice, uniq_fannar
Orc:2:    st_orc_town, layout_caves, uniq_josephine, uniq_snorg, uniq_nessos
Elf:1:    layout_loops_cross, gammafunk_ghost_cemetery, orc_legates
Elf:2:    elven_hall_of_blades_hangedman_original
          [nicolae_blade_entry_floor_patterns], layout_geoelf_octagon,
          minmay_misc_feat_columns, serial_nicolae_subway,
          nicolae_sub_station_stone, nicolae_sub_station_crystal,
          nicolae_sub_station_metal
Elf:3:    elf_hall, layout_geoelf_diagonals, serial_shops, bzr_in_the_mist,
          nicolae_elf_archery_training
Vaults:1: hangedman_vaults_trim, v_rooms_3, nicolae_vaults_double_plus_3,
          v_pattern_1, serial_library_regret_index_small_wings,
          nicolae_vaults_lightning_bolt, v_misc_32, nicolae_vaults_diamond_1,
          nicolae_vaults_double_plus_3, dpeg_vaults_monster_box,
          nicolae_vaults_theta, hangedman_vaults_cutoff,
          nicolae_vaults_double_plus_1, nicolae_vaults_tetromino_T_1,
          layout_vaults_ring, nicolae_trove_entry_crystal, uniq_zenata
Vaults:2: v_misc_3, ontoclasm_vaults_pinch, dpeg_vaults_pockets_of_resistance,
          ontoclasm_vaults_loading_screen, nicolae_vaults_closet_pinwheel_1,
          minmay_crypt_entry_necro_gods, vaults_dpeg_hooks,
          nicolae_vaults_cornered_office, v_misc_2,
          nicolae_vaults_door_testing_chamber,
          nicolae_vaults_heart-shaped_vault, nicolae_vaults_house_2,
          nicolae_vaults_offset_grid_hallway_3, layout_vaults_omnigrid,
          serial_shops, shop, uniq_sojobo
Vaults:3: ebering_ghost_xom, v_misc_27, v_misc_29,
          nicolae_vaults_diagonal_hallway_6, v_misc_2, nicolae_vaults_murderbox,
          nicolae_vaults_trapezoid_lopsided_3, nicolae_vaults_sesquioval_fish,
          nicolae_vaults_storage_room_doors,
          nicolae_vaults_windows_and_doors_thing, nicolae_vaults_mitosis,
          v_misc_8, nicolae_vaults_little_squares_3,
          nicolae_vaults_little_squares_4, layout_vaults_omnicross
Vaults:4: nicolae_vaults_gold_heap, hangedman_vaults_impose,
          gammafunk_its_a_trap, hangedman_vaults_maws, v_pattern_5,
          hangedman_vaults_unwind, hangedman_vaults_slice, v_misc_17,
          nicolae_vaults_trapezoid_lopsided_1, nicolae_vaults_sesquioval_fish,
          vaults_mumra_minichess, nicolae_vaults_octothorpe,
          vaults_dpeg_encased_lava, layout_vaults_omnibox
Depths:1: layout_cave_shapes, enter_ziggurat_e, grunt_metal_band,
          mu_enter_wizlab_4, dk_noncrumbling_4, kennysheep_two_boxes
Depths:2: nooodl_heptagram, layout_gridlike, pan_entry, hell_entry,
          serial_shops, shop, kiku_gazebo_garden_becter, minmay_shop_star
Depths:3: lemuel_troll_bridge, layout_basic, hell_entry, serial_glass,
          glass_columns_a, glass_columns_c, minmay_strange_pillars,
          feat_on_display, due_unseen_surprise, minmay_strange_pillars,
          hangedman_abyss_entry_splay, nicolae_shop_distant_corner_stores,
          hex_tiny, infiniplex_staircase_x
Depths:4: evilmike_zot_entry_round, layout_honeycomb, abyss_entry,
          pf_hell_entry_great_geh, serial_glass, glass_columns_c,
          glass_columns_c, glass_columns_b, glass_columns_b, glass_columns_a,
          glass_columns_b, glass_columns_a, glass_columns_a,
          minmay_fire_ice_demons
Zot:1:    layout_basic, hellmonk_ghost_happy_afterlife
Zot:2:    lemuel_halls_of_wrath, layout_gridville, st_single_dragon_hoard_1
Zot:3:    layout_onion_interference
Zot:4:    layout_twisted_circle, regret_index_zotdec_twisting_globes,
          grunt_ministairs_3, st_large_dragon_hoard_2
Zot:5:    layout_gridville

Skill      XL: |  1  2  3  4  5  6  7  8  9 10 11 12 13 14 15 16 17 18 19 20 21 22 23 24 25 |
---------------+----------------------------------------------------------------------------+-----
Short Blades   | 2 3 6 8 9 10 9 10 11 14 | 14.0
Fighting       | 1 2 3 4 6 7 9 9 11 12 13 14 15 16 17 18 | 18.5
Ice Magic      | 1 0 |  0.8
Stealth        | 5 6 10 12 11 12 14 16 17 | 17.0
Summonings     | 1 2 3 4 4 6 |  6.0
Hexes          | 4 5 6 7 8 7 8 9 10 | 10.0
Dodging        | 3 4 6 7 9 9 10 12 13 14 15 16 17 18 | 18.6
Evocations     | 1 2 6 7 8 10 11 12 13 14 15 16 17 18 | 18.6
Spellcasting   | 3 5 6 7 7 8 9 10 11 12 | 12.5
Conjurations   | 1 4 5 6 7 8 |  8.0
Shields        | 3 4 5 4 6 8 |  8.0
Armour         | 1 0 |  0.0
Translocations | 3 5 7 8 9 10 | 10.0
Air Magic      | 1 7 10 12 13 15 18 19 | 19.6
Invocations    | 1 2 4 19 | 19.7
Earth Magic    | 2 |  2.0
Transmutations | 2 |  2.0
Fire Magic     | 2 |  2.0
Poison Magic   | 2 |  2.0

Action                     |  1- 3 |  4- 6 |  7- 9 | 10-12 | 13-15 | 16-18 | 19-21 | 22-24 | 25-27 || total
---------------------------+-------+-------+-------+-------+-------+-------+-------+-------+-------++-------
  Melee: Dagger            |    87 |   100 |   213 |   815 |  1018 |   929 |    88 |   353 |   354 ||  3957
         Punch             |     1 |     1 |     4 |     1 |       |       |       |       |       ||     7
         Rapier            |       |       |       |       |       |       |   611 |   391 |    33 ||  1035
   Fire: Sling             |    46 |    10 |       |       |       |       |       |       |       ||    56
         Orcbow            |       |    41 |    18 |    13 |       |       |       |       |       ||    72
  Throw: Stone             |     4 |       |       |       |       |       |       |       |       ||     4
         Dart              |       |     5 |     1 |    13 |    23 |     9 |     3 |       |     1 ||    55
         Boomerang         |       |     3 |    19 |    23 |       |       |       |       |       ||    45
         Throwing net      |       |       |       |       |       |       |       |       |     2 ||     2
   Cast: Ensorcelled Hiber |     8 |    16 |    35 |   124 |    82 |    47 |       |       |       ||   312
         Summon Small Mamm |       |     1 |     3 |     2 |       |       |       |       |       ||     6
         Confusing Touch   |       |     4 |    20 |    37 |    51 |    30 |    13 |    27 |    33 ||   215
         Tukima's Dance    |       |     2 |    25 |    21 |    22 |    38 |     1 |       |       ||   109
         Summon Guardian G |       |       |     9 |    29 |    15 |       |       |       |       ||    53
         Fulminant Prism   |       |       |       |    11 |    28 |     2 |    14 |       |       ||    55
         Apportation       |       |       |       |     3 |     1 |     1 |       |       |     2 ||     7
         Dazzling Flash    |       |       |       |    13 |    29 |     1 |       |       |       ||    43
         Manifold Assault  |       |       |       |       |    58 |   133 |    25 |    69 |     8 ||   293
         Iskenderun's Myst |       |       |       |       |    48 |    54 |    21 |     1 |     2 ||   126
         Mephitic Cloud    |       |       |       |       |       |    24 |    60 |    28 |    16 ||   128
         Arcjolt           |       |       |       |       |       |    89 |   159 |   243 |    75 ||   566
         Airstrike         |       |       |       |       |       |   176 |    93 |    86 |    71 ||   426
         Blink             |       |       |       |       |       |     1 |     1 |     1 |       ||     3
         Ignite Poison     |       |       |       |       |       |       |    14 |       |       ||    14
         Passwall          |       |       |       |       |       |       |     1 |    36 |    19 ||    56
         Summon Lightning  |       |       |       |       |       |       |    11 |    26 |     4 ||    41
         Maxwell's Capacit |       |       |       |       |       |       |       |    41 |    89 ||   130
         Summon Mana Viper |       |       |       |       |       |       |       |     4 |    17 ||    21
 Invoke: Sacrifice Experie |       |       |     1 |     1 |       |       |       |       |       ||     2
         Reject Sacrifices |       |       |       |     1 |       |       |       |       |       ||     1
         Sacrifice Durabil |       |       |       |     1 |       |       |       |       |       ||     1
         Sacrifice Forms   |       |       |       |     1 |       |       |       |       |       ||     1
         Power Leap        |       |       |       |     2 |     1 |     4 |     6 |     2 |     5 ||    20
         Sacrifice Skill   |       |       |       |     1 |       |       |       |       |       ||     1
         Apocalypse        |       |       |       |       |     2 |     2 |     2 |     2 |       ||     8
         Draw Out Power    |       |       |       |       |     3 |     5 |     8 |     5 |     3 ||    24
Ability: Evoke Invisibilit |       |       |       |       |       |       |     1 |     1 |     2 ||     4
  Evoke: Wand              |       |     2 |     1 |    15 |    31 |    25 |    18 |     5 |    19 ||   116
         Condenser vane    |       |       |       |     1 |     5 |     4 |       |       |     1 ||    11
         Phial of floods   |       |       |       |     1 |     3 |     4 |     3 |       |       ||    11
         Sack of spiders   |       |       |       |       |     3 |     5 |     3 |       |     3 ||    14
         Lightning rod     |       |       |       |       |     5 |    13 |     7 |     2 |       ||    27
         Phantom mirror    |       |       |       |       |       |     1 |       |     1 |       ||     2
    Use: Scroll            |     2 |     6 |     9 |    12 |    17 |    14 |     9 |    11 |     8 ||    88
         Potion            |       |     6 |       |     6 |     3 |     6 |     5 |     6 |    13 ||    45
   Stab: Sleeping          |     8 |    11 |    41 |   137 |   104 |    64 |    53 |    81 |    31 ||   530
         Invisible         |       |     1 |       |    12 |    19 |     4 |     9 |     2 |    16 ||    63
         Confused          |       |     4 |    16 |    34 |    48 |    37 |    31 |    43 |    40 ||   253
         Distracted        |       |       |       |     9 |     9 |     8 |     8 |     9 |     2 ||    45
         Petrifying        |       |       |       |     1 |       |       |       |       |       ||     1
         Paralysed         |       |       |       |       |     2 |     2 |     1 |     7 |     1 ||    13
         Held in net/web   |       |       |       |       |       |       |       |       |     1 ||     1
 Armour: Robe              |    39 |    55 |    53 |    28 |   167 |   239 |   243 |   248 |   204 ||  1276
         Steam dragon scal |       |       |       |    35 |       |       |       |       |       ||    35
         Leather armour    |       |       |       |   169 |   118 |    76 |       |       |       ||   363
  Dodge: Dodged            |   100 |    76 |   104 |   412 |   386 |   479 |   409 |   534 |   476 ||  2976
         Repelled          |       |       |       |       |       |    11 |     2 |    15 |    18 ||    46
  Block: Buckler           |       |       |       |   174 |   208 |   166 |   168 |   250 |   208 ||  1174

Table legend: (Time is in decaauts)
 A = Elapsed time spent in this place.
 B = Non-inter-level travel time spent in this place.
 C = Inter-level travel time spent in this place.
 D = Time resting spent in this place.
 E = Time spent auto-exploring this place.
 F = Levels seen in this place.
 G = Mean time per level.
                   A        B        C        D        E       F      G
               +--------+--------+--------+--------+--------+-----+--------+
         Total |  91745 |  79011 |  12734 |  16410 |  30637 |  56 | 1638.3 |
       Dungeon |  24809 |  20062 |   4747 |   2987 |   7824 |  15 | 1653.9 |
        Temple |     35 |     19 |     16 |      0 |      0 |   1 |   35.0 |
          Lair |   9291 |   7796 |   1495 |    929 |   4672 |   5 | 1858.2 |
        Shoals |   8203 |   7671 |    532 |   2711 |   2365 |   4 | 2050.8 |
   Spider Nest |   9290 |   8346 |    944 |   2147 |   3472 |   4 | 2322.5 |
    Slime Pits |   2634 |   2424 |    210 |    596 |    873 |   5 |  526.8 |
  Orcish Mines |   3268 |   2634 |    634 |    462 |    646 |   2 | 1634.0 |
   Elven Halls |   5996 |   5303 |    693 |   1368 |   1450 |   3 | 1998.7 |
        Vaults |   8791 |   6901 |   1890 |    956 |   3147 |   4 | 2197.8 |
        Depths |   7590 |   6466 |   1124 |   1510 |   2569 |   4 | 1897.5 |
           Zot |   8684 |   8239 |    445 |   1837 |   3600 |   5 | 1736.8 |
        Bazaar |     36 |     36 |      0 |      0 |      0 |   1 |   36.0 |
        Bailey |   1396 |   1396 |      0 |    517 |      0 |   1 | 1396.0 |
        Wizlab |   1200 |   1200 |      0 |    283 |     17 |   1 | 1200.0 |
      Gauntlet |    515 |    515 |      0 |    104 |      0 |   1 |  515.0 |
               +--------+--------+--------+--------+--------+-----+--------+

Top non-repeatable levels by time:
Spider:3: 4127 daAuts
     D:3: 2943 daAuts
    D:13: 2940 daAuts
  Lair:5: 2814 daAuts
Vaults:2: 2747 daAuts
   Zot:5: 2676 daAuts
Spider:4: 2504 daAuts
Depths:2: 2402 daAuts
    D:14: 2376 daAuts
Shoals:3: 2290 daAuts
   Elf:1: 2189 daAuts
    D:11: 2095 daAuts
Shoals:2: 2084 daAuts
Vaults:1: 2072 daAuts
Vaults:4: 2004 daAuts
